 Dungeon Crawl Stone Soup version 0.30.0-20-g3615ddf2f0 (webtiles) character file.

Game seed: 5248522730075689441

1289 qw the Cleaver (level 8, -5/51 HPs)
             Began as a Gargoyle Fighter on June 1, 2023.
             Slain by Pikel
             ... wielding a +1 whip of freezing
              (6 damage)
             ... on level 6 of the Dungeon.
             The game lasted 00:02:39 (5107 turns).

qw the Cleaver (Gargoyle Fighter)                   Turns: 5107, Time: 00:02:40

Health: -5/51      AC: 20    Str: 20    XL:     8   Next: 55%
Magic:  8/8        EV:  8    Int: 14    God:
Gold:   238        SH:  9    Dex:  8    Spells: 7/7 levels left

rFire   . . .        Y - +1 war axe
rCold   . . .        c - +0 buckler
rNeg    + + .        l - +0 chain mail
rPois   inf          i - +0 helmet
rElec   +            s - +0 cloak
rCorr   .            a - +1 pair of gloves
SInv    .            p - +0 pair of boots
Will    .....        g - amulet of reflection Stlth
                     n - ring of positive energy
HPRegen 0.28/turn    (no ring)
MPRegen 0.11/turn

%: reflection
@: about to teleport
A: sickness immunity, AC +5, negative energy resistance 1, electricity
resistance, torment resistance 1, petrification resistance, clever 1
a: no special abilities


You were on level 6 of the Dungeon.
You visited 1 branch of the dungeon, and saw 6 of its levels.

You collected 345 gold pieces.
You spent 107 gold pieces at shops.


Innate Abilities, Weirdness & Mutations

You are immune to sickness and miasma.
Your stone body is resilient. (AC +5)
You are immune to poison.
You resist negative energy. (rN+)
You are resistant to electric shocks. (rElec)
You are resistant to unholy torment.
You are immune to petrification.
Your mind is acute. (Int +4, Str/Dex -1)


   Skills:
 + Level 5.9 Fighting
 - Level 8.0 Axes
 - Level 4.0 Armour
 - Level 1.1 Dodging
 - Level 3.2 Shields


You had 7 spell levels left.
You didn't know any spells.
Your spell library was empty.

Inventory:

Hand Weapons
 o - a +0 flail
 Y - a +1 war axe (weapon)
Armour
 a - a +1 pair of gloves (worn)
 c - a +0 buckler (worn)
 i - a +0 helmet (worn)
 l - a +0 chain mail (worn)
 p - a +0 pair of boots (worn)
 q - a +1 scale mail of cold resistance
 s - a +0 cloak (worn)
Jewellery
 e - a ring of protection from cold
 g - an amulet of reflection (around neck)
 n - a ring of positive energy (left hand)
Scrolls
 b - a scroll of teleportation
 r - 2 scrolls of identify
Potions
 d - a potion of might
 f - a potion of cancellation
 h - a potion of resistance
 m - a potion of mutation
 t - a potion of lignification {unknown}
 u - a potion of magic {unknown}
 x - a potion of invisibility {unknown}

Dungeon Overview and Level Annotations

Branches:
Dungeon (6/15)
 Temple: D:4-7

Altars:
Hepliaklqana
Vehumet

Shops:
D:3 :[:!*   D:4 [   D:5 *

Annotations:
D:6 2 transporters, Pikel


Message History

Something hits you but does no damage. The lemure barely misses you.
The lemure hits you but does no damage. The lemure hits you!
Pikel hits you but does no damage.
You slash the black bear!
You kill the black bear!
You barely miss something. You slash the lemure! You hit something.
You slash Pikel! You hit the lemure but do no damage. You hit the lemure.
You closely miss the lemure. You block the lemure's attack.
Something hits you but does no damage. You block the orc's attack.
You block the lemure's attack. Something hits you but does no damage.
The lemure barely misses you. The lemure hits you but does no damage.
Pikel hits you with a +1 whip of freezing.
Pikel freezes you.
5106 ||| READING 2 scrolls of teleportation.
As you read the scroll of teleportation, it crumbles to dust.
You feel strangely unstable. You block the lemure's attack.
Something hits you but does no damage. The orc barely misses you.
The lemure barely misses you. You block something's attack.
The lemure hits you but does no damage.
The orc priest invokes the aid of Beogh against you.
Pain shoots through your body! The lemure hits you but does no damage.
Pikel hits you but does no damage.
You barely miss Pikel.
Pikel is moderately wounded.
You barely miss the lemure.
You hit the orc priest but do no damage.
You hit the lemure but do no damage. You miss something.
You barely miss the lemure. You barely miss something. You hit the lemure.
You block the lemure's attack.
You hear some strange, mumbled words.
A magic dart appears from out of thin air!
The magic dart hits you but does no damage.
The orc completely misses you. The lemure closely misses you.
You block something's attack. The lemure barely misses you.
Pikel completely misses you. The orc priest barely misses you.
The lemure hits you. You block the orc priest's attack.
The lemure hits you but does no damage.
Pikel hits you with a +1 whip of freezing.
You die...

####.#.###..#.#.........
^....#. #..#...........
..####. ...#...........
## ##.##....#######
.......%..###
#..^........#
#...........#
#.......555.#
#.......5@{.#
.....>..o{K....#
.###.......o...#
#$..........#
#...........#
#...........#
#...........#
#...........#


You could see Pikel, 4 lemures, an orc priest and an orc.

Vanquished Creatures
  A black bear (D:6)
  2 ice beasts
  A kobold brigand (D:5)
  5 scorpions
  2 wights (D:6)
  2 hounds (D:6)
  A sleepcap (D:6)
  Terence (D:2)
  2 iguanas (D:4)
  Ijyb (D:3)
  An orc wizard (D:6)
  Robin (D:3)
  8 gnolls
  14 adders
  A worm (D:2)
  5 dart slugs
  14 orcs
  5 endoplasms
  6 giant cockroaches
  16 goblins
  5 hobgoblins
  3 quokkas
  10 ball pythons
  4 bats
  3 frilled lizards
  23 kobolds
  5 rats
142 creatures vanquished.

Vanquished Creatures (others)
  An adder (D:6)
1 creature vanquished.

Grand Total: 143 creatures vanquished

Notes
Turn   | Place    | Note
-------+----------+-------------------------------------------
     0 | D:1      | qw the Gargoyle Fighter began the quest for the Orb.
     0 | D:1      | Reached XP level 1. HP: 14/14 MP: 1/1
     0 | D:1      | 0 ||| qw: Version: 0.2-a-102-gdf20003
     0 | D:1      | 0 ||| qw: Game counter: 722
     0 | D:1      | 0 ||| qw: Always use a shield: true
     0 | D:1      | 0 ||| qw: God list: Okawaru
     0 | D:1      | 0 ||| qw: Allow faded altars: false
     0 | D:1      | 0 ||| qw: Do Orc after D:15 true
     0 | D:1      | 0 ||| qw: Do second Lair branch before Depths: true
     0 | D:1      | 0 ||| qw: Lair rune preference: random
     0 | D:1      | 0 ||| qw: Plans: Normal, Zot:1-4, Slime:5, God:TSO, Crypt,
                  | Tomb, Pan, Hells, Abyss, Win
     0 | D:1      | 0 ||| PLANNING D:1-11
    72 | D:1      | Reached skill level 2 in Axes
   116 | D:1      | Reached XP level 2. HP: 16/19 MP: 2/2
   200 | D:1      | Reached skill level 3 in Axes
   240 | D:1      | Reached XP level 3. HP: 23/23 MP: 3/3
   250 | D:1      | 250 ||| DROPPING +0 club.
   280 | D:1      | 280 ||| Stepping ~*~*~tactically~*~*~ (hiding).
   894 | D:1      | 894 ||| UPGRADING to +0 chain mail.
   904 | D:1      | 904 ||| DROPPING +0 scale mail.
   905 | D:1      | 905 ||| UPGRADING to amulet of the acrobat.
   910 | D:1      | 910 ||| DROPPING +6 ring of intelligence.
   911 | D:1      | 911 ||| READING scroll labelled ZIFEUMICYQ.
   912 | D:1      | 912 ||| READING scroll labelled YLOEJU UFOE.
   913 | D:1      | 913 ||| DRINKING 2 fizzy brown potions.
  1032 | D:2      | Noticed Terence
  1035 | D:2      | 1035 ||| Stepping ~*~*~tactically~*~*~ (stealth).
  1048 | D:2      | Killed Terence
  1049 | D:2      | Reached skill level 4 in Axes
  1049 | D:2      | Reached XP level 4. HP: 19/28 MP: 4/4
  1049 | D:2      | 1049 ||| FLEEEEING.
  1050 | D:2      | 1050 ||| FLEEEEING.
  1051 | D:2      | 1051 ||| FLEEEEING.
  1052 | D:2      | 1052 ||| FLEEEEING.
  1053 | D:2      | 1053 ||| FLEEEEING.
  1054 | D:2      | 1054 ||| FLEEEEING.
  1055 | D:2      | 1055 ||| FLEEEEING.
  1056 | D:2      | 1056 ||| FLEEEEING.
  1057 | D:2      | 1057 ||| FLEEEEING.
  1058 | D:2      | 1058 ||| FLEEEEING.
  1059 | D:2      | 1059 ||| FLEEEEING.
  1060 | D:2      | 1060 ||| FLEEEEING.
  1061 | D:2      | 1061 ||| FLEEEEING.
  1062 | D:2      | 1062 ||| FLEEEEING.
  1063 | D:2      | 1063 ||| FLEEEEING.
  1064 | D:2      | 1064 ||| FLEEEEING.
  1065 | D:2      | 1065 ||| FLEEEEING.
  1066 | D:2      | 1066 ||| FLEEEEING.
  1067 | D:2      | 1067 ||| FLEEEEING.
  1068 | D:2      | 1068 ||| FLEEEEING.
  1069 | D:2      | 1069 ||| FLEEEEING.
  1070 | D:2      | 1070 ||| FLEEEEING.
  1071 | D:2      | 1071 ||| FLEEEEING.
  1072 | D:2      | 1072 ||| FLEEEEING.
  1073 | D:2      | 1073 ||| FLEEEEING.
  1074 | D:2      | 1074 ||| STAIRDANCE
  1082 | D:1      | 1082 ||| READING scroll labelled HIHUUD ICECEEP.
  1434 | D:2      | 1434 ||| UPGRADING to +1 pair of gloves.
  1439 | D:2      | 1439 ||| UPGRADING to +0 pair of boots.
  1444 | D:2      | 1444 ||| UPGRADING to ring of positive energy.
  1445 | D:2      | 1445 ||| DRINKING 2 viscous purple potions.
  1446 | D:2      | 1446 ||| DROPPING potion of flight.
  1518 | D:3      | Found Symaggeemo's Armour Shoppe.
  1519 | D:3      | Identified the +6 dagger "Jugin" {flame, Dex+2}
  1531 | D:3      | 1531 ||| SHOPLISTING +0 plate armour (230 gold, have 103).
  1531 | D:3      | 1531 ||| SHOPLISTING +1 cloak (115 gold, have 103).
  1531 | D:3      | 1531 ||| SHOPLISTING +1 ring mail of fire resistance (160
                  | gold, have 103).
  1531 | D:3      | 1531 ||| SHOPLISTING +2 pair of gloves of infusion (215
                  | gold, have 103).
  1531 | D:3      | 1531 ||| SHOPLISTING +4 scale mail of fire resistance (310
                  | gold, have 103).
  1538 | D:3      | Reached XP level 5. HP: 32/32 MP: 5/5
  1548 | D:3      | Found Ganacs's Book Boutique.
  1615 | D:3      | 1615 ||| DROPPING +0 whip.
  1622 | D:3      | Found Kyask's Book Shoppe.
  1623 | D:3      | Noticed Robin
  1635 | D:3      | Killed Robin
  1641 | D:3      | Reached skill level 5 in Axes
  1643 | D:3      | HP: 5/32 [gnoll/+0 flail (10)]
  1828 | D:3      | Found a faded altar of an unknown god.
  1879 | D:3      | 1879 ||| DROPPING +1 whip of electrocution.
  1884 | D:3      | Found Haadea's Assorted Antiques.
  1892 | D:3      | 1892 ||| BUYING grey potion (19 gold).
  1892 | D:3      | Bought a grey potion for 19 gold pieces
  1892 | D:3      | 1892 ||| SHOPLISTING plate armour (506 gold, have 108).
  1892 | D:3      | 1892 ||| BUYING scroll labelled EXERUE BUCEE (22 gold).
  1892 | D:3      | Bought a scroll labelled EXERUE BUCEE for 22 gold pieces
  1892 | D:3      | 1892 ||| BUYING scroll labelled WIASHYA UQ HIU (22 gold).
  1892 | D:3      | Bought a scroll labelled WIASHYA UQ HIU for 22 gold pieces
  1892 | D:3      | 1892 ||| BUYING scroll of identify (44 gold).
  1892 | D:3      | Bought a scroll of identify for 44 gold pieces
  1892 | D:3      | 1892 ||| SHOPLISTING scroll of identify (44 gold, have 20).
  1892 | D:3      | 1892 ||| SHOPLISTING twisted moonstone ring (110 gold, have
                  | 20).
  1991 | D:3      | Reached XP level 6. HP: 38/38 MP: 6/6
  2154 | D:3      | Noticed Ijyb
  2154 | D:3      | Paralysed by Ijyb for 4 turns
  2171 | D:3      | Paralysed by Ijyb for 2 turns
  2177 | D:3      | Killed Ijyb
  2212 | D:3      | 2212 ||| Stepping ~*~*~tactically~*~*~ (hiding).
  2290 | D:3      | Found Fiuthri's Distillery.
  2295 | D:3      | 2295 ||| SHOPLISTING 2 potions of curing (72 gold, have
                  | 30).
  2295 | D:3      | 2295 ||| SHOPLISTING potion of attraction (36 gold, have
                  | 30).
  2295 | D:3      | 2295 ||| SHOPLISTING potion of curing (36 gold, have 30).
  2295 | D:3      | 2295 ||| SHOPLISTING potion of mutation (96 gold, have 30).
  2306 | D:3      | 2306 ||| Stepping ~*~*~tactically~*~*~ (hiding).
  2307 | D:3      | 2307 ||| Stepping ~*~*~tactically~*~*~ (hiding).
  2423 | D:3      | 2423 ||| DROPPING +1 hand axe of venom.
  2435 | D:3      | 2435 ||| UPGRADING to +0 helmet.
  2440 | D:3      | 2440 ||| UPGRADING to +0 cloak.
  2445 | D:3      | 2445 ||| READING scroll labelled EXERUE BUCEE.
  2446 | D:3      | 2446 ||| READING scroll labelled WIASHYA UQ HIU.
  2447 | D:3      | 2447 ||| READING scroll labelled ETHERGH LEONESH.
  2471 | D:3      | 2471 ||| DRINKING 2 silvery potions.
  2472 | D:3      | 2472 ||| DRINKING potion of curing.
  2472 | D:3      | 2472 ||| (to cure confusion)
  2473 | D:3      | 2473 ||| DRINKING 2 grey potions.
  2473 | D:3      | Gained mutation: You occasionally lose the ability to read
                  | scrolls when taking damage. [potion of mutation]
  2473 | D:3      | Gained mutation: You have a somewhat thin skeletal
                  | structure. (Dex +2, Stealth+) [potion of mutation]
  2474 | D:3      | 2474 ||| DRINKING potion of mutation.
  2474 | D:3      | Lost mutation: You occasionally lose the ability to read
                  | scrolls when taking damage. [potion of mutation]
  2474 | D:3      | Lost mutation: You have a somewhat thin skeletal structure.
                  | (Dex +2, Stealth+) [potion of mutation]
  2474 | D:3      | Gained mutation: Your mind is acute. (Int +4, Str/Dex -1)
                  | [potion of mutation]
  2475 | D:3      | 2475 ||| READING 2 scrolls of identify.
  2475 | D:3      | 2475 ||| IDENTIFYING murky puce potion
  2476 | D:3      | 2476 ||| DROPPING potion of brilliance.
  2477 | D:3      | 2477 ||| DROPPING potion of ambrosia.
  2558 | D:4      | Found Qafymaf's Armour Boutique.
  2567 | D:4      | 2567 ||| SHOPLISTING +1 chain mail of poison resistance
                  | (175 gold, have 48).
  2597 | D:4      | Reached skill level 6 in Axes
  2976 | D:4      | 2976 ||| Stepping ~*~*~tactically~*~*~ (hiding).
  2989 | D:4      | Reached XP level 7. HP: 17/43 MP: 7/7
  2994 | D:4      | HP: 8/43 [gnoll/+0 halberd (5)]
  2995 | D:4      | 2995 ||| READING scroll of teleportation.
  3799 | D:4      | 3799 ||| READING scroll labelled NUNGYE UVVADOA.
  3800 | D:4      | 3800 ||| READING 2 scrolls of identify.
  3800 | D:4      | 3800 ||| IDENTIFYING glowing coppery potion
  3805 | D:5      | Entered Level 5 of the Dungeon
  3871 | D:5      | 3871 ||| Stepping ~*~*~tactically~*~*~ (hiding).
  3881 | D:5      | 3881 ||| Stepping ~*~*~tactically~*~*~ (hiding).
  4129 | D:5      | Found Qiqareob's Neck Hole.
  4135 | D:5      | 4135 ||| SHOPLISTING +1 cloak of stealth (231 gold, have
                  | 199).
  4154 | D:5      | 4154 ||| Stepping ~*~*~tactically~*~*~ (hiding).
  4254 | D:5      | Found a radiant altar of Vehumet.
  4275 | D:5      | Found a hazy altar of Hepliaklqana.
  4330 | D:5      | Reached skill level 7 in Axes
  4728 | D:5      | 4728 ||| UPGRADING to amulet of reflection.
  4738 | D:5      | 4738 ||| DROPPING amulet of the acrobat.
  4739 | D:5      | 4739 ||| READING scroll labelled ZAYN BOUTIWEEB.
  4740 | D:5      | 4740 ||| READING 3 scrolls of identify.
  4740 | D:5      | 4740 ||| IDENTIFYING coppery potion
  4741 | D:5      | 4741 ||| READING 2 scrolls of identify.
  4741 | D:5      | 4741 ||| IDENTIFYING puce potion
  4742 | D:5      | 4742 ||| DROPPING potion of berserk rage.
  4786 | D:6      | Reached skill level 1 in Dodging
  4786 | D:6      | Reached XP level 8. HP: 31/49 MP: 8/8
  4793 | D:6      | HP: 12/49 [wight/+5 spear (2)]
  4794 | D:6      | 4794 ||| READING 2 scrolls of teleportation.
  4975 | D:6      | Found a transporter.
  5032 | D:6      | Found a transporter.
  5075 | D:6      | Reached skill level 8 in Axes
  5092 | D:6      | Noticed Pikel
  5101 | D:6      | 5101 ||| DRINKING potion of curing.
  5101 | D:6      | 5101 ||| (to cure confusion)
  5105 | D:6      | HP: 7/50 [Pikel/+1 whip of freezing (6)]
  5106 | D:6      | 5106 ||| READING 2 scrolls of teleportation.
  5107 | D:6      | HP: 1/51 [lemure[Pikel] (5)]
  5107 | D:6      | Slain by Pikel

Levels and vault maps discovered:
D:1:      giann_wishing_wells, layout_loops_ring
D:2:      layout_rooms, uniq_terence
D:3:      layout_basic, serial_shops, nicolae_shop_trees,
          nicolae_shop_just_a_little_nook, shop, nicolae_shop_scrapyard, shop,
          hellmonk_ecumenical_altar_blasted, grunt_ministairs_10,
          minmay_snake_closets, uniq_robin, uniq_ijyb
D:4:      layout_layer_cave, serial_shops, shop
D:5:      kennysheep_kobold_camp, layout_basic, mainiacjoe_overflow_swirl,
          nicolae_shop_sticking_my_neck_out
D:6:      gammafunk_steamed_eel, layout_basic, minmay_temple_entry_butterflies,
          uniq_pikel

Skill      XL: |  1  2  3  4  5  6  7  8 |
---------------+-------------------------+-----
Axes           | 2 3 4 5 6 7 8 |  8.0
Fighting       | 4 5 |  5.9
Armour         | 4 |  4.0
Dodging        | 1 |  1.1
Shields        | |  3.2

Action                     |  1- 3 |  4- 6 |  7- 9 || total
---------------------------+-------+-------+-------++-------
  Melee: War axe           |    91 |   192 |   156 ||   439
  Throw: Boomerang         |       |    31 |       ||    31
    Use: Scroll            |     2 |     5 |     8 ||    15
         Potion            |     1 |     5 |     1 ||     7
 Armour: Scale mail        |    26 |       |       ||    26
         Chain mail        |     9 |   128 |   144 ||   281
  Dodge: Dodged            |    36 |    96 |    79 ||   211
  Block: Buckler           |     9 |    31 |    62 ||   102

Table legend:
 A = Non-vault XP
 B = Vault XP
 C = Vault XP percentage of total XP
 D = Non-vault monster count
 E = Vault monster count
 F = Vault count percentage of total count
                 A         B        C        D         E       F
            +---------+---------+-------+---------+---------+-------
      Total |    1512 |     330 |  17.9 |      96 |      47 |  32.9
            +---------+---------+-------+---------+---------+-------
        D:1 |      66 |       0 |   0.0 |      28 |       0 |   0.0
        D:2 |      44 |      38 |  46.3 |      11 |       1 |   8.3
        D:3 |     113 |     173 |  60.5 |      16 |      25 |  61.0
        D:4 |     221 |       0 |   0.0 |      12 |       0 |   0.0
        D:5 |     387 |     119 |  23.5 |       8 |      21 |  72.4
        D:6 |     681 |       0 |   0.0 |      21 |       0 |   0.0
            +---------+---------+-------+---------+---------+-------
